 Dungeon Crawl Stone Soup version bcrawl-1.21.3-1-g0d72ed7573 (webtiles) character file.

Game seed: 15267972542039557711

5650 Mrkan the Cleaver (level 10, -1/91 HPs)
             Began as a Minotaur Fighter on Apr 13, 2020.
             Was a Believer of Nemelex Xobeh.
             Succumbed to Harold's poison
             ... on level 8 of the Dungeon on Apr 14, 2020.
             The game lasted 00:13:21 (8115 turns).

Mrkan the Cleaver (Minotaur Fighter)                Turns: 8115, Time: 00:13:21

Health: -1/91      AC: 30    Str: 22 (23) XL:     10   Next: 46%
Magic:  9/9        EV:  3    Int:  5 (8)  God:    Nemelex Xobeh [**....]
Gold:   676        SH: 11    Dex: 10 (11) Spells: 9/9 levels left

rFire    . . .     SeeInvis .   H - +3 morningstar (freeze)
rCold    . . .     Gourm    .   c - +0 medium shield
rNeg     . . .     Faith    .   D - +8 orange crystal plate armour {Archmagi, Int+3 Clar}
rPois    .         Spirit   .   (helmet restricted)
rElec    .         Reflect  .   z - +0 cloak
rCorr    .         Harm     .   l - +0 pair of gloves
MR       .....     Clarity  +   (no boots)
Stlth    ..........             (no amulet)
HPRegen  0.25/turn              q - ring of attention
MPRegen  0.11/turn              (no ring)

@: lethally poisoned (-1 -> -10)
A: retaliatory headbutt, horns 2, talons 1
a: Draw Escape, Draw Destruction, Draw Summoning, Triple Draw, Renounce Religion


You were on level 8 of the Dungeon.
You worshipped Nemelex Xobeh.
Nemelex Xobeh was pleased with you.
You were hungry.

You visited 1 branch of the dungeon, and saw 8 of its levels.
You also visited: Sewer.

You collected 676 gold pieces.

Inventory:

Hand Weapons
 s - a +2 hand axe of freezing
 v - a +1 hand axe of chopping
 H - a +3 morningstar of freezing (weapon)
Armour
 c - a +0 medium shield (worn)
 l - a +0 pair of gloves (worn)
 o - a +1 crystal plate armour
 z - a +0 cloak (worn)
 D - the +8 orange crystal plate armour (worn) {Archmagi, Int+3 Clar}
   (You acquired it on level 6 of the Dungeon)

   It affects your intelligence (+3).
   It protects you against confusion.
Jewellery
 q - a ring of attention (left hand)
 C - an uncursed ring of magical power
 G - an uncursed ring of protection from magic
Wands
 u - a wand of polymorph (20)
Scrolls
 f - a scroll of blinking
 g - 5 scrolls of teleportation
 h - 3 scrolls of immolation
 j - 6 scrolls of remove curse
 k - 12 scrolls of identify
 r - 2 scrolls of magic mapping
 x - 2 scrolls of fear
 y - 2 scrolls of fog
 E - a scroll of enchant armour
Potions
 a - 2 potions of magic {unknown}
 b - 2 potions of mutation
 i - 2 potions of degeneration
 m - a potion of flight {unknown}
 n - a potion of ambrosia {unknown}
 p - 4 potions of haste
 t - a potion of brilliance
 w - a potion of cancellation
 A - 3 potions of might
 B - 3 potions of heal wounds {unknown}
 F - a potion of berserk rage {unknown}
Comestibles
 e - 14 rations {!d}


   Skills:
 + Level 9.2 Fighting
 - Level 11.5(11.6) Axes
 * Level 2.9(8.0) Maces & Flails
 + Level 9.2 Armour
 + Level 9.2 Shields


You had 9 spell levels left.
You didn't know any spells.
Your spell library contained the following spells:

 Spells                   Type           Power        Failure   Level  Hunger
 Flame Tongue             Conj/Fire      #....        100%        1    ##.....
 Sandblast                Erth           #.....       100%        1    ##.....
 Flaming Arrows           Chrm/Fire      #.......     100%        2    ###....
 Passwall                 Tmut/Erth      #.......     100%        2    ###....
 Conjure Flame            Conj/Fire      #.......     100%        3    ####...
 Inner Flame              Hex/Fire       N/A          100%        3    ####...
 Stone Arrow              Conj/Erth      #.....       100%        3    ####...
 Petrify                  Tmut/Erth      #.......     100%        4    #####..
 Sticky Flame             Conj/Fire      #.......     100%        4    #####..
 Fireball                 Conj/Fire      #.........   100%        5    ######.
 Lee's Rapid Deconstruct  Erth           #.........   100%        5    ######.


Dungeon Overview and Level Annotations

Branches:
Dungeon (8/12)             Temple (0/1) D:6            Lair (0/6) D:7
    Orc: D:8-11

Altars:
Cheibriados
Elyvilon
Gozag
Nemelex Xobeh
Zin


Innate Abilities, Weirdness & Mutations

You reflexively headbutt those who attack you in melee.
You have a pair of horns on your head.
You have sharp toenails.


Message History

Your toenails lengthen and sharpen.
Your talons dull and shrink into feet.
Your toenails lengthen and sharpen.
* * * LOW HITPOINT WARNING * * *
You feel sick.
Okay, then.
It was a potion of degeneration.
There was something very wrong with that liquid.
You feel weakened.
You feel dopey.
You feel clumsy.
* * * LOW HITPOINT WARNING * * *
You feel sick.
It was a potion of brilliance.
You feel clever all of a sudden.
* * * LOW HITPOINT WARNING * * *
You feel sick.
It was a potion of cancellation.
Your magical effects are unravelling.
You feel magically purged.
You feel a little less clever now.
You die...
Your body glows slightly and disappears.

##### #
######..@####...#
#....#.#.^....#
#########.##...#####..#
..........###........ #
..................>..
#.(......#####.####..
#........# ..# .
#........# ###
#........#


There were no monsters in sight!

Vanquished Creatures
  Harold (D:8)
  A skeletal warrior (D:8)
  Prince Ribbit (D:7)
  2 hippogriffs
  A yak (D:7)
  2 crocodiles (D:7)
  2 porcupines (D:7)
  A sky beast (D:6)
  A black bear (D:7)
  An orc warrior (D:8)
  A centaur (D:6)
  4 ogres
  6 bullfrogs
  A big kobold (D:7)
  A gnoll sergeant (D:6)
  2 scorpions
  6 wights (D:8)
  3 crimson imps
  A howler monkey (D:4)
  2 centaur zombies
  3 hounds
  3 jellies (D:8)
  8 orc priests
  An iron imp (D:8)
  6 orc wizards
  Natasha (thrice) (D:4)
  Ijyb (D:4)
  An iguana (D:5)
  3 worker ants
  A killer bee zombie (D:6)
  A hound zombie (D:3)
  2 hound skeletons
  3 gnolls (D:6)
  12 adders
  6 river rats (Sewer)
  A shadow imp (D:6)
  6 oozes
  2 adder zombies (D:7)
  6 worms
  3 dart slugs
  3 leopard geckos
  24 orcs
  3 giant cockroaches
  7 goblins
  5 hobgoblins
  11 jackals
  15 kobolds
  5 quokkas
  14 ball pythons
  4 bats
  3 frilled lizards (Sewer)
  26 rats
  7 fungi (D:7)
  2 plants (D:7)
241 creatures vanquished.

Vanquished Creatures (others)
  A quokka (D:7)
  5 fungi (D:7)
  A plant (D:7)
7 creatures vanquished.

Grand Total: 248 creatures vanquished

Notes
Turn   | Place    | Note
-------+----------+-------------------------------------------
     0 | D:1      | Mrkan the Minotaur Fighter began the quest for the Orb.
     0 | D:1      | Reached XP level 1. HP: 19/19 MP: 0/0
   166 | D:1      | Reached XP level 2. HP: 24/27 MP: 1/1
   173 | D:1      | Reached skill level 3 in Axes
   784 | D:2      | Reached XP level 3. HP: 9/33 MP: 2/2
  1569 | D:3      | Reached XP level 4. HP: 40/40 MP: 3/3
  1678 | D:3      | Reached skill level 4 in Axes
  1730 | D:3      | Reached XP level 5. HP: 20/47 MP: 4/4
  2873 | D:4      | Noticed Natasha
  2880 | D:4      | Killed Natasha
  2901 | D:4      | Reached skill level 5 in Axes
  2914 | D:4      | Reached XP level 6. HP: 26/55 MP: 5/5
  3077 | D:4      | Reached skill level 5 in Fighting
  3116 | D:4      | Noticed Natasha
  3122 | D:4      | Killed Natasha
  3122 | D:4      | Reached skill level 5 in Armour
  3122 | D:4      | Reached skill level 5 in Shields
  3187 | D:4      | Noticed Natasha
  3188 | D:4      | Noticed Ijyb
  3194 | D:4      | Killed Natasha
  3207 | D:4      | Killed Ijyb
  3599 | D:4      | Reached skill level 6 in Axes
  3806 | D:5      | Entered Level 5 of the Dungeon
  3814 | D:5      | Reached XP level 7. HP: 61/61 MP: 6/6
  4134 | D:5      | Found a glowing drain.
  4155 | Sewer    | Entered a sewer
  4391 | Sewer    | Reached skill level 7 in Axes
  4948 | D:5      | Found a sparkling altar of Nemelex Xobeh.
  4949 | D:5      | Found an opulent altar of Gozag.
  4956 | D:5      | Became a worshipper of Nemelex Xobeh the Trickster
  5170 | D:6      | Received a gift from Nemelex Xobeh
  5176 | D:6      | Reached XP level 8. HP: 70/70 MP: 7/7
  5211 | D:6      | Found a staircase to the Ecumenical Temple.
  5264 | D:6      | Reached skill level 8 in Axes
  5713 | D:6      | Reached * piety under Nemelex Xobeh
  6032 | D:6      | Reached skill level 9 in Axes
  6033 | D:6      | Received a gift from Nemelex Xobeh
  6281 | D:6      | Identified a scroll of acquirement
  6281 | D:6      | Identified the amulet of the Tired Coins {Reflect rN+ SH+2}
                  | (You acquired it on level 6 of the Dungeon)
  6282 | D:6      | Found the +8 orange crystal plate armour {Archmagi, Int+3
                  | Clar}
  6330 | D:7      | Reached XP level 9. HP: 62/79 MP: 8/8
  6371 | D:7      | Found a staircase to the Lair.
  6403 | D:7      | Reached skill level 10 in Axes
  6642 | D:7      | Found a white marble altar of Elyvilon.
  6674 | D:7      | Noticed Prince Ribbit
  6700 | D:7      | Killed Prince Ribbit
  6799 | D:7      | Found a glowing silver altar of Zin.
  6922 | D:7      | Received a gift from Nemelex Xobeh
  7103 | D:8      | Noticed a skeletal warrior
  7151 | D:8      | Killed a skeletal warrior
  7151 | D:8      | Reached skill level 11 in Axes
  7445 | D:8      | Reached XP level 10. HP: 90/90 MP: 9/9
  7488 | D:8      | Reached ** piety under Nemelex Xobeh
  7984 | D:8      | Found a snail-covered altar of Cheibriados.
  7989 | D:8      | Reached skill level 1 in Maces & Flails
  8083 | D:8      | Noticed Harold
  8106 | D:8      | Killed Harold
  8111 | D:8      | HP: 4/91 [poisoned by Harold]
  8112 | D:8      | Gained mutation: You have sharp toenails. [potion of
                  | mutation]
  8112 | D:8      | Lost mutation: You have sharp toenails. [potion of
                  | mutation]
  8112 | D:8      | Gained mutation: You have sharp toenails. [potion of
                  | mutation]
  8114 | D:8      | HP: 1/91 [poisoned by Harold]
  8115 | D:8      | Succumbed to Harold's poison

Skill      XL: |  1  2  3  4  5  6  7  8  9 10 |
---------------+-------------------------------+-----
Axes           | 3 4 5 6 7 9 11 | 11.5
Fighting       | 4 5 6 7 8 9 |  9.2
Armour         | 4 5 6 7 8 9 |  9.2
Shields        | 4 5 6 7 8 9 |  9.2
Maces & Flails | 2 |  2.9

Action                   |  1- 3 |  4- 6 |  7- 9 | 10-12 || total
-------------------------+-------+-------+-------+-------++-------
Melee: War axe           |   111 |    55 |       |       ||   166
       Headbutt          |    11 |    16 |    83 |    20 ||   130
       Hand axe          |       |    74 |   396 |    53 ||   523
       Unarmed           |       |     1 |       |       ||     1
       Morningstar       |       |       |       |    32 ||    32
 Abil: Draw Escape       |       |       |       |     1 ||     1
  Use: Potion            |       |     2 |       |     5 ||     7
       Scroll            |       |       |    13 |     2 ||    15
  Eat: Chunk             |     2 |     7 |    11 |     3 ||    23
Armor: Scale mail        |    55 |    29 |       |       ||    84
       Crystal plate arm |       |    31 |   321 |    54 ||   406
       Skin              |       |     1 |       |       ||     1
Dodge: Dodged            |    44 |    28 |    22 |     6 ||   100
Block: Medium shield     |    75 |    69 |   229 |    48 ||   421
